 Dungeon Crawl Stone Soup version 0.31-a0-1338-gb567cfdca4 (webtiles) character file.

Game seed: 13031544342596832901

27 CowFu the Firebug (level 3, -2/33 HPs)
             Began as an Oni Fire Elementalist on Dec 21, 2023.
             Slain by a jackal (3 damage)
             ... on level 1 of the Dungeon.
             The game lasted 00:01:36 (557 turns).

CowFu the Firebug (Oni Fire Elementalist)            Turns: 557, Time: 00:01:36

Health: -2/33      AC:  3    Str: 12    XL:     3   Next: 10%
Magic:  7/7        EV:  9    Int: 18    God:
Gold:   15         SH:  0    Dex:  9    Spells: 6/7 levels left

rFire   . . .        e - +0 double sword
rCold   . . .        (no shield)
rNeg    . . .        a - +0 robe
rPois   .            (helmet restricted)
rElec   .            (no cloak)
rCorr   .            (gloves unavailable)
SInv    .            (boots unavailable)
Will    .....        (no amulet)
Stlth   +            (no ring)
HPRegen 0.25/turn    (no ring)
MPRegen 0.10/turn

%: no passive effects
@: no status effects
A: drunken brawling, large, unfitting armour, horns 1, tough skin 1, double
potion healing
a: no special abilities


You were on level 1 of the Dungeon.
You visited 1 branch of the dungeon, and saw 1 of its levels.

You collected 15 gold pieces.

Inventory:

Hand Weapons
 e - a +0 double sword (weapon)
Armour
 a - a +0 robe (worn)
Potions
 c - a potion of cancellation {unknown}
 d - a potion of curing {unknown}
 f - 2 potions of resistance {unknown}


   Skills:
 + Level 1.5 Fighting
 - Level 1.7 Dodging
 - Level 1.4 Stealth
 + Level 2.8 Spellcasting
 + Level 1.4 Conjurations
 + Level 3.0 Fire Magic


You had 6 spell levels left.
You knew the following spells:

 Your Spells              Type           Power      Damage    Failure   Level
a - Foxfire               Conj/Fire      40%        2x1d6     7%          1

Your spell library contained the following spells:

 Spells                   Type           Power      Damage    Failure   Level
 Scorch                   Fire           26%        2d6       7%          2
 Inner Flame              Hex/Fire       8%         N/A       26%         3
 Volatile Blastmotes      Fire/Tloc      16%        2d11      26%         3
 Flame Wave               Conj/Fire      10%        2d6       54%         4


Dungeon Overview and Level Annotations

Branches:
Dungeon (1/15)

Altars:


Innate Abilities, Weirdness & Mutations

Whenever you drink a potion that restores your health or magic, you attack all enemies around you.
You are too large for most types of armour.
You have a pair of small horns on your head.
You have tough skin. (AC +1)
Whenever you drink a potion that restores your health or magic, it restores twice as much.


Message History

The jackal bites you.
* * * LOW HITPOINT WARNING * * *
The jackal closely misses you. The jackal attacks as it pursues you!
The jackal bites you but does no damage.
The jackal bites you.
* * * LOW HITPOINT WARNING * * *
The jackal attacks as it pursues you!
The jackal bites you but does no damage.
The jackal attacks as it pursues you! The jackal closely misses you.
The jackal bites the plant.
The plant begins to die.
The jackal bites you but does no damage.
The jackal bites the plant.
You take a swig of the potion and twirl your +0 double sword.
You closely miss the jackal.
The jackal is severely wounded.
You hit the bush.
You headbutt the bush, but do no damage.
The bush is lightly damaged.
You slash the plant!
The plant is lightly damaged.
Magic courses through your body. The jackal bites you.
* * * LOW HITPOINT WARNING * * *
The jackal bites the plant.
Casting: Foxfire (safe; 7% risk of failure)
Confirm with . or Enter, or press ? or * to list all spells.
You conjure some foxfire!
The jackal bites you.
* * * LOW HITPOINT WARNING * * *
The jackal bites the plant.
The giant cockroach bites the plant.
You closely miss the jackal.
The jackal is severely wounded.
The foxfire hits the jackal.
You kill the jackal!
The foxfire hits the jackal.
The jackal is heavily wounded.
The giant cockroach bites the plant.
The jackal closely misses you.
The giant cockroach bites the plant.
The jackal bites the bush but does no damage.
The jackal bites you.
You die...

## ... #..>.......#
.. #.##..........#
.. #.............#
## ###...........#
## #.#....#######
.. #..)B### ## #
#P.♣hP.## #.
##.PPh..##
#..#.!.♣♣@§.##
#....#).♣♣...#
#..##.)..P♣..#
#...#..PPPP♣.P#
#.#.#.[......P# ###
#.#.....P.P.# ...
#.#......#### #.
#..####........#
..#...............#


You could see 2 jackals and a giant cockroach.

Vanquished Creatures
  A dart slug (D:1)
  3 ball pythons (D:1)
  A bat (D:1)
  2 endoplasms (D:1)
  A goblin (D:1)
  5 hobgoblins (D:1)
  2 jackals (D:1)
  3 frilled lizards (D:1)
  3 kobolds (D:1)
  2 rats (D:1)
23 creatures vanquished.

Vanquished Creatures (collateral kills)
  4 foxfires (D:1)
4 creatures vanquished.

Vanquished Creatures (others)
  58 foxfires (D:1)
58 creatures vanquished.

Grand Total: 85 creatures vanquished

Notes
Turn   | Place    | Note
-------+----------+-------------------------------------------
     0 | D:1      | CowFu the Oni Fire Elementalist began the quest for the
                  | Orb.
     0 | D:1      | Reached XP level 1. HP: 16/16 MP: 3/3
    70 | D:1      | Reached skill level 1 in Conjurations
   119 | D:1      | Reached XP level 2. HP: 16/26 MP: 1/5
   181 | D:1      | Reached skill level 1 in Fighting
   523 | D:1      | Reached skill level 3 in Fire Magic
   523 | D:1      | Reached XP level 3. HP: 33/33 MP: 0/7
   554 | D:1      | HP: 1/33 [jackal (1)]
   557 | D:1      | Slain by a jackal

Illustrated notes

Levels and vault maps discovered:
D:1:      reono_arrival_mine, layout_rooms, shapermc_ecumenical_altar_petra,
          serial_forest, infiniplex_forest_clump_diagonal,
          infiniplex_forest_end_2, infiniplex_forest_lined_4_way,
          infiniplex_forest_lined_room_2, infiniplex_forest_straight_2,
          amcnicky_mini_rare_corridor_liquid, skrybe_limestone_x, fountainhead

Skill      XL: |  1  2 |
---------------+-------+-----
Conjurations   | 1 |  1.4
Fighting       | 1 |  1.5
Fire Magic     | 3 |  3.0
Dodging        | |  1.7
Stealth        | |  1.4
Spellcasting   | |  2.8

Action                     || total
---------------------------++-------
  Melee: Double sword      ||    29
         Unarmed           ||    11
         Headbutt          ||     6
   Cast: Foxfire           ||    40
    Use: Potion            ||     1
 Armour: Robe              ||    69
  Dodge: Dodged            ||    46

Table legend: (Time is in decaauts)
 A = Elapsed time spent in this place.
 B = Non-inter-level travel time spent in this place.
 C = Inter-level travel time spent in this place.
 D = Time resting spent in this place.
 E = Time spent auto-exploring this place.
 F = Levels seen in this place.
 G = Mean time per level.
                   A        B        C        D        E       F      G
               +--------+--------+--------+--------+--------+-----+--------+
         Total |    570 |    570 |      0 |      0 |    395 |   1 |  570.0 |
       Dungeon |    570 |    570 |      0 |      0 |    395 |   1 |  570.0 |
               +--------+--------+--------+--------+--------+-----+--------+

Top non-repeatable levels by time:
     D:1: 570 daAuts
